 Dungeon Crawl Stone Soup version 0.20-a0-949-g916514f (webtiles) character file.

136173 Murumi the Peltast (level 17, 66/149 HPs)
             Began as a Formicid Fighter on Apr 3, 2017.
             Was a Priest of Elyvilon.
             Quit the game on level 3 of the Elven Halls on Apr 4, 2017.
             The game lasted 02:58:31 (30782 turns).

Murumi the Peltast (Formicid Fighter)              Turns: 30782, Time: 02:58:31

Health: 66/149     AC: 21    Str: 24    XL:     17   Next: 80%
Magic:  7/28       EV: 14    Int: 12    God:    Elyvilon [***...]
Gold:   1415       SH: 20    Dex: 16    Spells: 16/16 levels left

rFire    . . .     SeeInvis +   e - +1 great sword (protect)
rCold    . . .     Gourm    .   X - +0 large shield
rNeg     + . .     Faith    .   P - +1 plate armour "Myoleuq" {MR+ rCorr} (curse)
rPois    .         Spirit   .   (helmet unavailable)
rElec    .         Reflect  .   x - +2 cloak
rCorr    +         Harm     .   c - +0 pair of gloves
MR       +++..                  (no boots)
Stlth    ..........             w - amulet of regeneration
Regen    0.8/turn               K - ring of positive energy
MPRegen  0.3/turn               V - +6 ring of dexterity

@: studying Summonings, heavily drained
A: permanent stasis, dig shafts and tunnels, four strong arms, antennae 3,
repulsion field 1, magic resistance 1, robust 1, sturdy frame 1
a: Dig, Shaft Self, Lesser Healing, Heal Other, Purification, Divine Protection,
Renounce Religion


You were on level 3 of the Elven Halls.
You worshipped Elyvilon.
Elyvilon was most pleased with you.
You were very hungry.

You visited 5 branches of the dungeon, and saw 27 of its levels.
You also visited: Ossuary.

You collected 2409 gold pieces.
You spent 994 gold pieces at shops.

Inventory:

Hand Weapons
 e - a +1 great sword of protection (weapon)
 f - a +0 arbalest
 Q - a +0 great sword of holy wrath
Missiles
 A - 132 bolts
Armour
 c - a +0 pair of gloves (worn)
 x - a +2 cloak (worn)
 P - the cursed +1 plate armour "Myoleuq" (worn) {MR+ rCorr}
   (You bought it in a shop on level 2 of the Orcish Mines)

   It affects your resistance to hostile enchantments.
   It protects you from acid and corrosion.
   It has a curse placed upon it.
 X - a +0 large shield (worn)
Jewellery
 b - an uncursed ring of protection from cold
 n - an uncursed ring of flight
 p - an uncursed ring of protection from cold
 w - an amulet of regeneration (around neck)
 K - a ring of positive energy (left hand)
 M - an uncursed amulet of guardian spirit
 O - an uncursed ring of protection from fire
 V - a +6 ring of dexterity (right hand)
Wands
 d - a wand of confusion (29/48)
 i - a wand of iceblast (5/15)
 r - a wand of acid (10/15)
 u - a wand of polymorph (17/24)
 v - a wand of iceblast (7/15)
 B - a wand of confusion (23/48)
 F - a wand of confusion (20/48)
 J - a wand of enslavement (13/24)
 L - a wand of paralysis (7/24)
 S - a wand of confusion (14/48)
 T - a wand of paralysis (13/24)
 U - a wand of confusion (20/48)
 W - a wand of iceblast (8/15)
Scrolls
 a - 2 scrolls of magic mapping
 h - 8 scrolls of remove curse
 l - 4 scrolls of fog
 o - 8 scrolls of identify
 q - 4 scrolls of silence
 y - 5 scrolls of amnesia
 D - 2 scrolls of fear
 G - 2 scrolls of recharging
Potions
 j - 3 potions of cancellation
 k - 10 potions of flight
 m - a potion of ambrosia
 s - 7 potions of curing
 z - 6 potions of brilliance
 C - 5 potions of heal wounds
 E - 4 potions of magic
Books
 R - a manual of Summonings
Comestibles
 g - 15 meat rations
 H - 19 royal jellies
 I - 12 fruits
 N - 5 bread rations


   Skills:
 - Level 13.0(11.1) Fighting
 + Level 11.2(9.4) Long Blades
 - Level 11.0(9.1) Crossbows
 - Level 13.0(11.1) Armour
 - Level 10.0(8.2) Dodging
 - Level 15.0(12.9) Shields
 - Level 15.0(13.0) Invocations


You had 16 spell levels left.
You didn't know any spells.

Dungeon Overview and Level Annotations

Branches:
Dungeon (15/15)            Temple (1/1) D:5            Lair (6/6) D:8
 Shoals (0/4) Lair:2       Spider (0/4) Lair:2        Slime (0/5) Lair:5
    Orc (2/2) D:12            Elf (3/3) Orc:2        Vaults (0/5) D:14
 Depths (0/5) D:15

Altars:
Ashenzari
Cheibriados
Dithmenos
Elyvilon
Fedhas
Gozag
Hepliaklqana
Kikubaaqudgha
Makhleb
Nemelex Xobeh
Okawaru
Qazlal
Ru
Sif Muna
Trog
Uskayaw
Vehumet
Wu Jian
Xom
Yredelemnul
Zin
The Shining One
Beogh

Shops:
D:8 !   Orc:1 *:*   Orc:2 [=(*[

Annotations:
Elf:2 Asterion
Elf:3 1 exclusion


Innate Abilities, Weirdness & Mutations

You cannot be hasted, slowed, berserked, paralysed or teleported.
You can dig through walls and to a lower floor.
Your four strong arms can wield two-handed weapons with a shield.
You have a pair of large antennae on your head. (SInv)
You are surrounded by a mild repulsion field. (EV +2)
You are resistant to hostile enchantments. (MR+)
You are robust. (+10% HP)
Your movements are slightly less encumbered by armour. (ER -2)


Message History

You are too hungry to fight recklessly!
You are too hungry to fight recklessly!
You're too hungry.
You are too hungry to fight recklessly!
You're too hungry.
You are too hungry to fight recklessly!
You are too hungry to fight recklessly!
You eat one of the 13 fruits.
You are feeling very hungry.
Mmmm...
Yummy mango.
The deep elf blademaster misses you.
You riposte.
You completely miss the deep elf blademaster.
The deep elf blademaster is heavily wounded.
The deep elf blademaster barely misses you.
The deep elf blademaster hits you with a rapier!
The deep elf blademaster hits you with a rapier.
Level annotation: 1 exclusion Welcome back, Murumi the Formicid Fighter.
Elyvilon says: Go forth and aid the weak!
Press ? for a list of commands and other information.
Are you sure you want to abandon this character and quit the game? (Confirm with "yes".)

#...# #...# #...#
..
#(..###########...
#.................
#.................
##.................
#e#################
##@# ###


You could see a deep elf blademaster.

Vanquished Creatures
  A deep elf master archer (Elf:3)
  A deep elf blademaster (Elf:2)
  2 orc warlords
  2 deep elf demonologists
  A deep elf death mage (Elf:3)
  The ghost of Patate the Imperceptible, a journeyman SpEn of Okawaru (Lair:6)
  An ogre mage (D:14)
  5 vault guards (D:14)
  2 centaur warriors (D:14)
  The ghost of kroki the Grappler, a novice TrSk of Okawaru (D:9)
  7 two-headed ogres
  20 dancing weapons
  4 catoblepae
  18 death yaks (Lair:6)
  4 orc high priests (Orc:2)
  Urug (D:15)
  10 deep elf knights
  8 skeletal warriors
  A fire crab (shapeshifter) (D:13)
  An unseen horror (D:15)
  A wizard (D:15)
  7 deep elf archers
  A necromancer (D:15)
  5 orc knights
  29 deep elf magi
  2 ugly things
  6 orc sorcerers
  5 manticores
  An oklob plant (Lair:5)
  A naga mage (D:15)
  A torpor snail (Lair:6)
  3 cyclopes
  2 black mambas (Lair:6)
  A gargoyle (D:12)
  2 yaktaurs (D:14)
  12 spiny frogs
  3 rime drakes
  3 kobold demonologists
  6 komodo dragons
  A komodo dragon (shapeshifter) (D:15)
  2 tengu conjurers
  A polar bear (Lair:6)
  3 trolls
  5 hornets
  24 blink frogs
  5 slime creatures (D:14)
  8 hippogriffs
  14 dream sheep (Lair:6)
  2 air elementals
  A redback (Lair:2)
  A water elemental (Elf:1)
  11 spriggans (D:14)
  A centaur simulacrum (D:15)
  2 wraiths
  Eustachio (D:6)
  42 yaks
  4 wyverns
  2 fire elementals (Elf:2)
  4 hungry ghosts
  5 vampire mosquitoes
  A basilisk (Lair:1)
  3 wargs (Orc:1)
  A soldier ant (D:8)
  An acid dragon (D:13)
  12 porcupines
  6 water moccasins
  An ice beast (D:9)
  5 sky beasts
  A black bear (D:12)
  33 orc warriors
  10 ogres
  3 boggarts (D:14)
  A phantom (D:4)
  2 necrophages
  3 wolves (Lair:2)
  12 centaurs
  8 crocodiles
  A big kobold (D:9)
  22 bullfrogs
  Blork the orc (D:6)
  2 wyvern zombies
  12 scorpions
  A hornet simulacrum (D:15)
  7 killer bees
  4 howler monkeys
  9 wights
  6 crimson imps
  2 centaur zombies
  2 quasits
  4 jellies
  8 hounds
  A human zombie (Ossuary)
  A gnoll shaman (D:6)
  21 orc priests
  A bullfrog skeleton (D:8)
  8 centaur skeletons
  6 iguanas
  30 orc wizards
  12 worker ants
  Terence (D:2)
  2 hound skeletons
  3 mummies (Ossuary)
  9 gnolls
  11 adders
  A howler monkey skeleton (D:7)
  4 shadow imps
  A white imp (D:7)
  2 oozes
  2 adder skeletons
  3 adder zombies
  4 worms
  5 dart slugs
  9 leopard geckos
  65 orcs
  4 giant cockroaches
  8 goblins
  8 hobgoblins
  31 jackals
  A quokka (D:2)
  2 ball pythons
  6 bats
  7 frilled lizards
  2 goblin skeletons (D:7)
  3 goblin zombies
  5 hobgoblin zombies
  A jackal zombie (D:5)
  15 kobolds
  3 kobold skeletons (D:7)
  3 kobold zombies (Ossuary)
  A leopard gecko skeleton (D:4)
  2 leopard gecko zombies
  3 orc skeletons (D:7)
  2 orc zombies
  A quokka zombie (D:9)
  6 rats
  A fungus (Lair:5)
  A plant (D:8)
823 creatures vanquished.

Vanquished Creatures (others)
  A hydra (Lair:4)
  3 blink frogs (Lair:4)
  A water elemental (Elf:2)
  2 bullfrogs
  20 fungi
  12 plants
39 creatures vanquished.

Grand Total: 862 creatures vanquished

Notes
Turn   | Place    | Note
-------+----------+-------------------------------------------
     0 | D:1      | Murumi the Formicid Fighter began the quest for the Orb.
     0 | D:1      | Reached XP level 1. HP: 18/18 MP: 1/1
   185 | D:1      | Reached skill level 1 in Dodging
   199 | D:1      | Reached XP level 2. HP: 23/24 MP: 2/2
   271 | D:1      | Reached XP level 3. HP: 29/29 MP: 3/3
   999 | D:2      | Reached XP level 4. HP: 35/35 MP: 4/4
  1118 | D:2      | Noticed Terence
  1132 | D:2      | Killed Terence
  1151 | D:2      | Found a deep blue altar of Sif Muna.
  1311 | D:2      | Found a shattered altar of Ashenzari.
  1380 | D:2      | Reached XP level 5. HP: 41/42 MP: 5/5
  1526 | D:2      | Found a stormy altar of Qazlal.
  1696 | D:2      | Found a basalt altar of Yredelemnul.
  2781 | D:4      | Found a blossoming altar of Fedhas.
  2845 | D:4      | Found a shimmering altar of Xom.
  2894 | D:4      | Reached skill level 5 in Shields
  3000 | D:4      | Reached XP level 6. HP: 29/48 MP: 6/6
  3338 | D:4      | Reached XP level 7. HP: 54/54 MP: 7/7
  3489 | D:4      | Reached skill level 5 in Fighting
  3889 | D:4      | Reached skill level 5 in Armour
  4037 | D:5      | Entered Level 5 of the Dungeon
  4186 | D:5      | Reached XP level 8. HP: 32/62 MP: 8/8
  4459 | D:5      | Found a staircase to the Ecumenical Temple.
  4468 | Temple   | Entered the Ecumenical Temple
  4492 | Temple   | Became a worshipper of Elyvilon the Healer
  4868 | D:5      | Reached skill level 1 in Invocations
  5014 | D:5      | Found a radiant altar of Vehumet.
  5140 | D:6      | Found a shimmering altar of Xom.
  5277 | D:6      | Found a sand-covered staircase.
  5281 | Ossuary  | Entered an ossuary
  5281 | Ossuary  | Noticed a wraith
  5281 | Ossuary  | Noticed a wraith
  5281 | Ossuary  | Noticed a wraith
  5380 | Ossuary  | Reached * piety under Elyvilon
  5478 | Ossuary  | Noticed a wraith
  5491 | Ossuary  | Killed a wraith
  5491 | Ossuary  | Reached skill level 5 in Invocations
  5986 | D:6      | Found a shimmering altar of Xom.
  5996 | D:6      | Reached XP level 9. HP: 67/68 MP: 13/13
  6008 | D:6      | Noticed Blork the orc
  6030 | D:6      | Killed Blork the orc
  6048 | D:6      | Noticed Eustachio
  6084 | D:6      | Killed Eustachio
  6321 | D:6      | Found a deep blue altar of Sif Muna.
  6495 | D:7      | Noticed a green ugly thing
  6637 | D:7      | Killed a green ugly thing
  6637 | D:7      | Reached skill level 5 in Long Blades
  6655 | D:7      | HP: 3/69 [poisoned by a green ugly thing]
  6661 | D:7      | HP: 3/69 [poisoned by a green ugly thing]
  6903 | D:7      | Reached XP level 10. HP: 76/76 MP: 16/16
  6924 | D:7      | Reached ** piety under Elyvilon
  6949 | D:7      | Found a glowing silver altar of Zin.
  6949 | D:7      | Found an opulent altar of Gozag.
  7180 | D:7      | Found a glowing golden altar of the Shining One.
  7380 | D:8      | Found Dauffak's Distillery.
  7705 | D:8      | Noticed a two-headed ogre
  7730 | D:8      | Killed a two-headed ogre
  8009 | D:8      | Noticed a two-headed ogre
  8019 | D:8      | Killed a two-headed ogre
  8019 | D:8      | Reached skill level 5 in Dodging
  8019 | D:8      | Reached XP level 11. HP: 45/84 MP: 17/17
  8138 | D:8      | Found a hide-covered altar of Uskayaw.
  8187 | D:8      | Found a staircase to the Lair.
  8326 | D:8      | Reached *** piety under Elyvilon
  8600 | D:9      | Found a shadowy altar of Dithmenos.
  8715 | D:9      | Noticed kroki's ghost (novice TrSk)
  8750 | D:9      | Killed kroki's ghost
  8887 | D:9      | Found an ancient bone altar of Kikubaaqudgha.
  9263 | D:9      | Reached **** piety under Elyvilon
  9973 | D:10     | Entered Level 10 of the Dungeon
 10341 | D:10     | Reached skill level 1 in Crossbows
 10793 | D:11     | Reached ***** piety under Elyvilon
 10981 | D:11     | Noticed a manticore
 11061 | D:8      | Gained mutation: Your body sometimes deteriorates upon taking damage. [mutagenic meat]
 11062 | D:8      | Gained mutation: Armour fits poorly on your strangely shaped body. [mutagenic meat]
 11063 | D:8      | Gained mutation: Your muscles are strong. (Str +2) [mutagenic meat]
 11064 | D:8      | Gained mutation: Your mind is acute. (Int +2) [mutagenic meat]
 11065 | D:8      | Gained mutation: Your spells are a little easier to cast, but a little less powerful. [mutagenic meat]
 11072 | Lair:1   | Entered Level 1 of the Lair of Beasts
 11211 | Lair:1   | Reached XP level 12. HP: 37/95 MP: 18/18
 11323 | Lair:1   | Reached skill level 5 in Crossbows
 11933 | Lair:1   | Lost mutation: Your muscles are strong. (Str +2) [potion of mutation]
 11933 | Lair:1   | Lost mutation: Your body sometimes deteriorates upon taking damage. [potion of mutation]
 11933 | Lair:1   | Lost mutation: Your mind is acute. (Int +2) [potion of mutation]
 11933 | Lair:1   | Gained mutation: Your body sometimes deteriorates upon taking damage. [potion of mutation]
 11933 | Lair:1   | Gained mutation: Your system is resistant to poisons. (rPois) [potion of mutation]
 12378 | Lair:2   | Found a staircase to the Shoals.
 12390 | Lair:2   | Reached skill level 10 in Shields
 12552 | Lair:2   | Found a hole to the Spider Nest.
 12935 | Lair:2   | Reached skill level 10 in Invocations
 13022 | Lair:2   | Lost mutation: Your body sometimes deteriorates upon taking damage. [potion of mutation]
 13022 | Lair:2   | Lost mutation: Armour fits poorly on your strangely shaped body. [potion of mutation]
 13022 | Lair:2   | Lost mutation: Your system is resistant to poisons. (rPois) [potion of mutation]
 13022 | Lair:2   | Lost mutation: Your spells are a little easier to cast, but a little less powerful. [potion of mutation]
 13022 | Lair:2   | Gained mutation: Armour fits poorly on your strangely shaped body. [potion of mutation]
 13022 | Lair:2   | Gained mutation: You are covered in fur. (AC +1) [potion of mutation]
 13022 | Lair:2   | Gained mutation: You are partially covered in icy blue scales. (AC +2) [potion of mutation]
 13022 | Lair:2   | Gained mutation: Your flesh is cold resistant. (rC+) [potion of mutation]
 13217 | D:6      | Lost mutation: You are covered in fur. (AC +1) [potion of mutation]
 13217 | D:6      | Lost mutation: Armour fits poorly on your strangely shaped body. [potion of mutation]
 13217 | D:6      | Lost mutation: You are partially covered in icy blue scales. (AC +2) [potion of mutation]
 13217 | D:6      | Lost mutation: Your flesh is cold resistant. (rC+) [potion of mutation]
 13217 | D:6      | Gained mutation: You are surrounded by a mild repulsion field. (EV +2) [potion of mutation]
 13217 | D:6      | Gained mutation: Your movements are slightly less encumbered by armour. (ER -2) [potion of mutation]
 13217 | D:6      | Gained mutation: You are resistant to hostile enchantments. (MR+) [potion of mutation]
 13217 | D:6      | Gained mutation: You are robust. (+10% HP) [potion of mutation]
 13459 | Lair:3   | Noticed a seven-headed hydra
 13459 | Lair:3   | Pacified a seven-headed hydra
 13601 | Lair:3   | Noticed a seven-headed hydra
 13603 | Lair:3   | Pacified a seven-headed hydra
 13680 | Lair:3   | Noticed an eight-headed hydra
 13681 | Lair:3   | Pacified an eight-headed hydra
 14250 | Lair:4   | Noticed a five-headed hydra
 14254 | Lair:4   | Pacified a five-headed hydra
 14341 | Lair:4   | Reached XP level 13. HP: 106/111 MP: 20/20
 14736 | Lair:4   | Noticed a four-headed hydra
 14736 | Lair:4   | Pacified a four-headed hydra
 14749 | Lair:4   | Killed a four-headed hydra
 15259 | Lair:5   | Reached skill level 10 in Long Blades
 15315 | Lair:5   | Reached ****** piety under Elyvilon
 15584 | Lair:5   | Found a staircase to the Slime Pits.
 15722 | Lair:5   | Noticed a catoblepas
 15735 | Lair:5   | Killed a catoblepas
 16370 | Lair:6   | Entered Level 6 of the Lair of Beasts
 16534 | Lair:6   | Reached skill level 10 in Fighting
 16664 | Lair:6   | Upgraded the game from 0.20-a0-947-g2784f4f to 0.20-a0-949-g916514f
 16687 | Lair:6   | Reached skill level 10 in Armour
 16775 | Lair:6   | Noticed an eight-headed hydra
 16776 | Lair:6   | Pacified an eight-headed hydra
 16783 | Lair:6   | Noticed a catoblepas
 16800 | Lair:6   | Killed a catoblepas
 16845 | Lair:6   | Reached XP level 14. HP: 114/121 MP: 21/21
 17938 | Lair:6   | Noticed Patate's ghost (journeyman SpEn)
 18316 | Lair:6   | Killed Patate's ghost
 18449 | Lair:6   | Reached XP level 15. HP: 125/129 MP: 24/24
 20355 | D:12     | Reached skill level 10 in Crossbows
 20362 | D:12     | Found a staircase to the Orcish Mines.
 21114 | Orc:1    | Entered Level 1 of the Orcish Mines
 21138 | Orc:1    | Found Ebulel's General Store.
 21240 | Orc:2    | Entered Level 2 of the Orcish Mines
 21240 | Orc:2    | Found a staircase to the Elven Halls.
 21244 | Orc:2    | Noticed an orc warlord
 21415 | Orc:1    | Killed an orc warlord
 21708 | Orc:1    | Found Cezxac's Book Emporium.
 21799 | Orc:1    | Found Soirar's Assorted Antiques.
 21807 | Orc:1    | Bought a scroll labeled REQUDWAM GUZI for 35 gold pieces
 22002 | Orc:2    | Noticed an orc warlord
 22021 | Orc:2    | Killed an orc warlord
 22609 | Orc:2    | Found Ifag's General Store.
 22610 | Orc:2    | Found Jitzib's Jewellery Emporium.
 22611 | Orc:2    | Found Pyunk's Antique Armour Shoppe.
 22611 | Orc:2    | Found Usyitapn's Antique Weapon Shoppe.
 22615 | Orc:2    | Bought a pair of glowing gloves for 195 gold pieces
 22644 | Orc:2    | Bought a cursed -5 ring of slaying for 36 gold pieces
 22654 | Orc:2    | Bought an encrusted plate armour for 728 gold pieces
 22665 | Orc:2    | Identified the cursed +1 plate armour "Myoleuq" {MR+ rCorr} (You bought it in a shop on level 2 of the Orcish Mines)
 22804 | Orc:2    | Found a roughly hewn altar of Beogh.
 22831 | Orc:2    | Found Yluqerha's Armour Emporium.
 24089 | D:14     | Reached XP level 16. HP: 71/139 MP: 25/25
 24605 | D:14     | Found a gate to the Vaults.
 25853 | D:15     | Entered Level 15 of the Dungeon
 26023 | D:15     | Reached skill level 10 in Dodging
 26102 | D:15     | Found an opulent altar of Gozag.
 26284 | D:15     | Noticed Urug
 26316 | D:15     | Killed Urug
 26612 | D:15     | Found a staircase to the Depths.
 26826 | Elf:1    | Entered Level 1 of the Elven Halls
 28298 | Elf:2    | Reached XP level 17. HP: 146/146 MP: 27/27
 28728 | Elf:2    | Reached skill level 15 in Shields
 28762 | Elf:2    | Found a runed gate.
 28762 | Elf:2    | Found a runed gate.
 28762 | Elf:2    | Found a runed gate.
 29928 | Elf:2    | Noticed a deep elf blademaster
 30036 | Elf:2    | Killed a deep elf blademaster
 30130 | Elf:2    | Noticed Asterion
 30180 | Elf:2    | You fall through a shaft!
 30180 | Elf:3    | Entered Level 3 of the Elven Halls
 30510 | Elf:3    | Noticed a deep elf master archer
 30540 | Elf:3    | Killed a deep elf master archer
 30540 | Elf:3    | Reached skill level 15 in Invocations
 30568 | Elf:3    | Noticed a deep elf blademaster
 30782 | Elf:3    | Quit the game

Vault maps used:
D:1:      ncdulo_watergridlock, minmay_close_crescents
D:2:      marbit_many_paths, overflow_temple_1_default, old_standard_altar,
          nicolae_overflow_hidden_temple, first_bread, uniq_terence
D:4:      kennysheep_mini, serial_park_tiny_1, xom_teletrap_fun
D:5:      nicolae_overflow_crystal_walls, minmay_temple_entry_large_hall,
          kennysheep_decorative_pillar
D:6:      kennysheep_orc_sif_temple, old_standard_altar, basic_altar,
          enter_ossuary_5, uniq_eustachio, uniq_blork_the_orc
D:7:      nicolae_tso_besieged_by_evil, grunt_temple_overflow_gold_and_silver
D:8:      kennysheep_little_box, grunt_lair_entry_orc_guard_hut, serial_shops,
          shop, hangedman_pestilent_swarm
D:9:      old_standard_altar, grunt_ministairs_15, grunt_dithmenos_shadows
D:12:     orc_0_dummy, hangedman_glass_teeth
D:14:     kb_forest_paths, grunt_vaults_entry_fortified, minivault_26,
          grunt_decor_mini_mirrors, kennysheep_generic_room_6
D:15:     grunt_enter_depths_magical_seal, small_statue_alley_a,
          nicolae_gozag_seed_capital, uniq_urug
Temple:   cyrus_temple_forest
Lair:1:   beast_lair_carwin_1
Lair:2:   elwin_shoals_entry_rocks, spider_nest_entry_rubble
Lair:4:   ldierk_geyser, beast_lair_carwin_2
Lair:5:   slime_dummy
Lair:6:   evilmike_catoblepas_cave
Orc:1:    serial_shops, shop, nicolae_shop_temple_entry_statues_fountains,
          nicolae_shop_waterfront
Orc:2:    st_orc_congregation, basic_altar, serial_shops, shop
Elf:1:    eino_elf_arrival_the_gate, serial_co_window_serial, co_window_paths_a,
          co_window_paths_b, co_window_corner_a, co_window_paths_a,
          co_window_of_opportunity_a, co_window_of_opportunity_b,
          co_window_corner_b, co_window_broadway_c, co_window_paths_c,
          co_window_2corner, co_window_4corner_b, glass_columns_b,
          glass_columns_b
Elf:2:    uniq_asterion
Elf:3:    grunt_elf_hall_branching, serial_shops, nicolae_shop_waterfront,
          nicolae_shop_waterfront, shop, shop, nicolae_shop_trees, spider_trap,
          fake_guardian_serpent_vault, uniq_roxanne, uniq_aizul, uniq_nikola
Ossuary:  ossuary_kennysheep_city_of_the_dead

Skill      XL: |  1  2  3  4  5  6  7  8  9 10 11 12 13 14 15 16 17 |
---------------+----------------------------------------------------+-----
Dodging        | 1 2 3 4 5 6 7 9 10 | 10.0
Shields        | 4 5 7 8 9 10 11 12 13 14 15 | 15.0
Long Blades    | 3 4 6 7 8 10 11 | 11.2
Fighting       | 4 5 6 7 9 10 11 12 13 | 13.0
Armour         | 4 5 9 10 12 13 | 13.0
Invocations    | 6 8 9 10 12 13 14 15 | 15.0
Crossbows      | 4 8 9 10 11 | 11.0

Action                   |  1- 3 |  4- 6 |  7- 9 | 10-12 | 13-15 | 16-18 || total
-------------------------+-------+-------+-------+-------+-------+-------++-------
Melee: Long sword        |    90 |   229 |       |       |       |       ||   319
       Scimitar          |       |    19 |   535 |   340 |       |       ||   894
       Great sword       |       |       |       |   749 |  1831 |  1341 ||  3921
 Fire: Hand crossbow     |       |       |       |       |     4 |       ||     4
       Arbalest          |       |       |       |       |     2 |   129 ||   131
Invok: Lesser Healing    |       |       |     3 |    10 |     9 |    47 ||    69
       Greater Healing   |       |       |       |     5 |     1 |    27 ||    33
       Heal Other        |       |       |       |     7 |     6 |     1 ||    14
 Abil: Dig               |       |     2 |     4 |    16 |    22 |    19 ||    63
       Shaft Self        |       |       |       |       |       |     1 ||     1
Evoke: Wand              |       |       |       |       |    20 |       ||    20
  Use: Scroll            |     5 |     4 |     8 |     9 |     5 |     2 ||    33
       Potion            |       |     1 |     2 |    10 |     3 |     3 ||    19
 Stab: Petrifying        |       |       |       |       |     1 |       ||     1
       Petrified         |       |       |       |       |     1 |       ||     1
  Eat: Chunk             |     1 |     8 |    14 |    31 |    35 |    31 ||   120
       Fruit             |       |       |     2 |       |     2 |     5 ||     9
       Bread ration      |       |       |     2 |     2 |     2 |     2 ||     8
       Royal jelly       |       |       |       |       |       |     1 ||     1
Armor: Scale mail        |    37 |    44 |       |       |       |       ||    81
       Plate armour      |       |    60 |   212 |   346 |   532 |   429 ||  1579
       Skin              |       |       |       |    61 |    13 |    81 ||   155
Dodge: Dodged            |    52 |    77 |   127 |   427 |   576 |   400 ||  1659
Block: Shield            |    41 |   120 |   286 |   643 |   869 |    96 ||  2055
       Large shield      |       |       |       |       |       |  1278 ||  1278
       Rpst.: Long sword |    23 |    18 |       |       |       |       ||    41
       Scimitar          |       |     2 |    45 |    36 |       |       ||    83
       Great sword       |       |       |       |    91 |   158 |    96 ||   345
